[Event "Live Chess"]
[Site "Chess.com"]
[Date "2024.06.02"]
[Round "-"]
[White "asingardenof"]
[Black "McFim"]
[Result "0-1"]
[WhiteElo "621"]
[BlackElo "1700"]
[TimeControl "300"]
[EndTime "4:14:34 PDT"]
[Termination "McFim won by resignation"]

1. e4 c6 2. Nf3 d5 3. exd5 cxd5 4. Nc3 Nc6 5. d4 Nf6 6. Bf4 Bg4 7. Be2 a6 8. O-O e6 9. h3 Bh5 10. Bd3 Be7 11.
Bg5 Bxf3 12. Qxf3 Nxd4 13. Qe3 Nc6 14. Qf3 O-O 15. Ne2 Ne5 16. Qg3 Nxd3 17. Nf4 Nxf4 18. Qxf4 h6 19. Bh4 g5 20. Qg3 Kh8 21. Qe5 gxh4 22. g4 Qd6 23. Qe3 Kg7 24. f4 Qc6 25. c3 Bc5 26. Qf2 Ne4 27. Qxc5 Qxc5+ 28. Kh2 Qe3 0-1

[Event "Live Chess"]
[Site "Chess.com"]
[Date "2024.06.02"]
[Round "-"]
[White "CarmelJane"]
[Black "Kyrylo7770"]
[Result "0-1"]
[WhiteElo "2048"]
[BlackElo "1651"]
[TimeControl "300"]
[EndTime "4:14:40 PDT"]
[Termination "Kyrylo7770 won by resignation"]

1. Nf3 d5 2. b3 Bg4 3. e3 e6 4.
Be2 c5 5. Bb2 Nc6 6. h3 Bh5 7.
g4 Bg6 8. Bb5 Be7 9. Ne5 Rc8 10.
Nxg6 hxg6 11. Bxg7 Rh7 12. Bb2 Bf6 13. Bxf6 Qxf6 14.
Nc3 d4 15. Ne4 Qe5 16. d3 dxe3 17. fxe3 a6 18. Bxc6+ Rxc6 19. Rb1 f5 20. Ng5 Qg3+ 21. Kd2 Rd7 22. Nf3 f4 23. e4 Nf6 24. Rg1 Nxe4+ 25. Kc1 Qf2 26. Kb2 c4 27. Rf1 c3+ 28. Ka1 Qc5 29. Qe2 Ng3 30. Qh2 Nxf1 31. Rxf1 Qa3 32.
Rb1 g5 33. Ne5 Rc5 34. Nxd7 Ra5 35. Nf6+ Kf7 0-1

[Event "Live Chess"]
[Site "Chess.com"]
[Date "2024.06.02"]
[Round "-"]
[White "vincents82"]
[Black "willc-h99"]
[Result "0-1"]
[WhiteElo "1991"]
[BlackElo "2597"]
[TimeControl "300"]
[EndTime "4:14:45 PDT"]
[Termination "willc-h99 won by resignation"]

1. e4 g6 2. d4 Bg7 3. Nc3 a6 4. Nf3 b5 5. Be3 Bb7 6. Be2 e6 7. a3 d6 8. Qd2 Nd7 9. h4 h6 10. h5 g5 11. O-O-O Ngf6 12. e5 Ng4 13. exd6 cxd6 14. d5 Nxe3 15. Qxe3 e5 16. Ne4 Nb6 17. Ng3 Nxd5 18. Qe4 O-O 19. Rxd5 Rc8 20. Nf5 Qf6 21. g4 Rc5 22. Rhd1 Rfc8 23. c3 Qe6 24. Ne3 Bf8 25.
Qd3 Bxd5 26. Nxd5 e4 27. Qd4 exf3 28. Nf6+ Kh8 29. Ne8+ Qe5 30. Qxe5+ Rxe5 31. Bxf3 Rexe8 0-1

[Event "Live Chess"]
[Site "Chess.com"]
[Date "2024.06.02"]
[Round "-"]
[White "ZatixMajor"]
[Black "GwaryTek"]
[Result "1-0"]
[WhiteElo "2034"]
[BlackElo "1838"]
[TimeControl "300"]
[EndTime "4:14:46 PDT"]
[Termination "ZatixMajor won on time"]

1. c4 Nf6 2. g3 c6 3. Bg2 d5 4. Nf3 Bf5 5. cxd5 cxd5 6. Qb3 Qb6 7. Qxb6 axb6 8. Nc3 e6 9. d4 Nc6 10. Nb5 Kd7 11.
Bf4 Bb4+ 12. Nd2 Ne4 13. Bxe4 Bxe4 14. f3 Bg6 15. O-O Ra5 16. a4 f6 17. Nb3 Raa8 18. Bc7 Bc2 19. Nc1 Rxa4 20. Nd3 Bxd3 21. exd3 Ra6 22.
Rfc1 Rha8 23. Rab1 Ra5 24. Bxb6 Rxb5 25. Bc5 Ra2 26. Rc2 Bxc5 27. dxc5 Nd4 28. Rf2 Rxc5 29. f4 b5 30. b4 Rxf2 31. bxc5 Rc2 32. Rb4 Nf3+ 33.
Kf1 Rxc5 34. h4 e5 35. Rb2 e4 36. dxe4 dxe4 37. Ra2 Rd5 38. Ra7+ Kc6 39. Rxg7 Kc5 40. Rxh7 Kd4 41. Rb7 Ke3 42. Kg2 f5 43. Kh3 Rd2 44.
g4 Rh2+ 45. Kg3 Rxh4 46. gxf5 Rxf4 47. Rxb5 Nd4 48. Rb1 Nxf5+ 49. Kg2 Rg4+ 50. Kf1 Nd4 51. Re1+ Kf3 52. Rd1 e3 53. Rd3 1-0

[Event "Live Chess"]
[Site "Chess.com"]
[Date "2024.06.02"]
[Round "-"]
[White "LL220284LL"]
[Black "NottheBishopSacrifice"]
[Result "1/2-1/2"]
[WhiteElo "2511"]
[BlackElo "2329"]
[TimeControl "300"]
[EndTime "4:15:21 PDT"]
[Termination "Game drawn by repetition"]

1. g3 d5 2. Bg2 c5 3. d3 Nc6 4. b3 e5 5. Bb2 f6 6. e3 Be6 7.
Ne2 Bd6 8. O-O Nge7 9. Nd2 O-O 10. c4 d4 11. exd4 exd4 12. Ne4 Qd7 13. Nxd6 Qxd6 14. Bc1 Qd7 15. Nf4 Bf7 16. Re1 Ne5 17. Rb1 N7g6 18. Nd5 Rfe8 19. h4 Ne7 20. Nxe7+ Rxe7 21. Bf4 Ng6 22. Bd2 Rae8 23. Rxe7 Qxe7 24. Qf1 Ne5 25. Re1 Qd7 26. Bf4 Nc6 27. Rxe8+ Qxe8 28. Qd1 h5 29. a3 Bg6 30. Qf3 Na5 31. Qd5+ Kh7 32. Qxc5 Nxb3 33. Qb4 Bxd3 34. Qxb3 Qe1+ 35. Kh2 Qe2 36. Qxb7 Qxf2 37. Qd5 Kg6 38. c5 Bf1 39. c6 d3 40. c7 Qc2 41. Kh3 Bxg2+ 42. Qxg2 Qc4 43.
Qd2 Kf7 44. Qb4 Qe6+ 45. Kg2 Qe2+ 46. Kg1 Qd1+ 47. Kh2 Qe2+ 48. Kg1 Qd1+ 49. Kf2 Qe2+ 50. Kg1 1/2-1/2

[Event "Live Chess"]
[Site "Chess.com"]
[Date "2024.06.02"]
[Round "-"]
[White "MagnersCarlsberg2870"]
[Black "MaksymYurii"]
[Result "1-0"]
[WhiteElo "1782"]
[BlackElo "999"]
[TimeControl "300"]
[EndTime "4:16:05 PDT"]
[Termination "MagnersCarlsberg2870 won by checkmate"]

1. d4 d5 2. e3 Nc6 3. Bd3 Nf6 4.
f4 e6 5. c3 Bd6 6. Nd2 O-O 7.
Qe2 h6 8. Ngf3 Re8 9. O-O a6 10. Ne5 Bd7 11. e4 dxe4 12. Nxe4 Nxe4 13. Qxe4 Bxe5 14.
Qh7+ Kf8 15. fxe5 Qh4 16. b3 Ke7 17. Ba3+ Kd8 18. Rxf7 Qg5 19. Qxg7 Qxg7 20. Rxg7 b5 21. Rf1 Ne7 22. Rff7 c5 23. Bxc5 Rc8 24. Rxe7 Rxe7 25.
Bxe7+ Ke8 26. Bg6# 1-0

[Event "Live Chess"]
[Site "Chess.com"]
[Date "2024.06.02"]
[Round "-"]
[White "dmitro74"]
[Black "KyryloPoluliakh"]
[Result "0-1"]
[WhiteElo "1726"]
[BlackElo "1534"]
[TimeControl "300"]
[EndTime "4:16:19 PDT"]
[Termination "KyryloPoluliakh won on time"]

1. d4 Nf6 2. c4 g6 3. Nc3 Bg7 4. e4 O-O 5. f4 d6 6. Nf3 Nc6 7.
e5 dxe5 8. fxe5 Ne8 9. Be2 f6 10. exf6 Bxf6 11. Be3 Bg4 12. O-O Bxf3 13. Rxf3 Nxd4 14.
Bxd4 Bxd4+ 15. Kh1 Rxf3 16. Bxf3 Bxc3 17. Bd5+ Kg7 18. bxc3 Nf6 19. Qd4 c6 20. Bf3 Qxd4 21.
cxd4 Rd8 22. Rd1 c5 23. d5 b6 24. Re1 Kf7 25. h3 a6 26. g4 b5 27. g5 Ne8 28.
cxb5 axb5 29. Rc1 c4 30. a4 bxa4 31. Rxc4 Ra8 32. d6 Ra7 33. Bd5+ e6 34. Rf4+ Kg7 35.
Bc6 Nxd6 36. Bxa4 e5 37. Rb4 e4 38. Kg2 e3 39. Kf3 Nf5 40. Bc2 Re7 41. Bd3 h6 42. gxh6+ Kxh6 43. Rb6 e2 44. Bxf5 e1=Q 45. Rxg6+ Kh5 46. Rg8 Qf1+ 47. Kg3 Re3+ 48. Kh2 Qf2+ 49. Rg2 Qxf5 0-1

[Event "Live Chess"]
[Site "Chess.com"]
[Date "2024.06.02"]
[Round "-"]
[White "JohanKjeldahl"]
[Black "seasidecastle27"]
[Result "0-1"]
[WhiteElo "1790"]
[BlackElo "1943"]
[TimeControl "300"]
[EndTime "4:16:19 PDT"]
[Termination "seasidecastle27 won by resignation"]

1. c4 e6 2. Nc3 d5 3. d4 Nf6 4.
Nf3 c5 5. cxd5 Nxd5 6. e4 Nxc3 7.
bxc3 cxd4 8. cxd4 Bb4+ 9. Bd2 Qa5 10. Bd3 Nc6 11. O-O Bxd2 12. Qxd2 Qxd2 13. Nxd2 Nxd4 14. Nc4 O-O 15. Rab1 b6 16. e5 Bb7 17. Nd6 Bd5 18. a4 Rfd8 19. f4 g6 20. Kf2 Nc6 21. Bb5 Ne7 22. Rfc1 Nc8 23. Nxc8 Raxc8 24. g4 Bb7 25.
Ke3 Kf8 26. h4 Ke7 27. Rc4 Rxc4 28. Bxc4 Rc8 29. Bb5 Rc3+ 30. Bd3 Ba6 31. Rd1 Bxd3 32.
Rxd3 Rxd3+ 33. Kxd3 Kd7 34. Kc4 Kc6 35. h5 a6 36.
hxg6 hxg6 37. Kb4 Kd5 0-1

[Event "Live Chess"]
[Site "Chess.com"]
[Date "2024.06.02"]
[Round "-"]
[White "RichardABates"]
[Black "sebmoran1"]
[Result "1-0"]
[WhiteElo "2327"]
[BlackElo "1403"]
[TimeControl "300"]
[EndTime "4:16:50 PDT"]
[Termination "RichardABates won by checkmate"]

1. d4 Nf6 2. Nf3 g6 3. c4 Bg7 4. g3 O-O 5. Bg2 d5 6. cxd5 Nxd5 7. O-O Bg4 8. h3 Bc8 9. e4 Nf6 10. Nc3 Nc6 11. Be3 e6 12. d5 exd5 13. exd5 Nb4 14. Nh2 h5 15. a3 Na6 16. Bd4 Nd7 17. Bxg7 Kxg7 18. d6 cxd6 19. Qxd6 Nf6 20. Nb5 Qxd6 21. Nxd6 Rb8 22. Rac1 b6 23. Nxc8 Rfxc8 24. Rxc8 Rxc8 25. Bb7 Rc2 26. Bxa6 Rxb2 27. Bc4 Rc2 28. Bb5 Rb2 29.
a4 Nd5 30. Rc1 Nb4 31. Nf3 a6 32. Bc4 a5 33. Ng5 f6 34. Ne6+ Kh6 35. Rd1 Rc2 36.
Rd8 Kh7 37. Rd7+ Kh6 38. Nf8 Rxc4 39. h4 Rc7 40. Rxc7 g5 41. Rh7# 1-0

[Event "Live Chess"]
[Site "Chess.com"]
[Date "2024.06.02"]
[Round "-"]
[White "AlanBstard10"]
[Black "JanMur7"]
[Result "0-1"]
[WhiteElo "1225"]
[BlackElo "2292"]
[TimeControl "300"]
[EndTime "4:17:05 PDT"]
[Termination "JanMur7 won by resignation"]

1. b4 e6 2. Nf3 Bxb4 3. Bb2 Nf6 4. a3 Be7 5. e3 b6 6. Nc3 Bb7 7. Be2 O-O 8. O-O d6 9. d4 Nbd7 10. Bd3 c5 11. dxc5 Nxc5 12. Be2 Nce4 13. Nxe4 Nxe4 14.
Nd2 Nxd2 15. Qxd2 d5 16. Qd4 Bf6 17. Qb4 Bxb2 18. Qxb2 Rc8 19. Rfc1 Qf6 20. Qxf6 gxf6 21. c3 Rc5 22. Rab1 Rfc8 23. Rb3 e5 24. f3 d4 25. exd4 exd4 26. c4 Ba6 27. Rb4 b5 28. Rbb1 bxc4 29. Kf2 d3 30. Bd1 c3 31. Rb4 c2 32. Bxc2 Rxc2+ 33. Rxc2 dxc2 0-1

[Event "Live Chess"]
[Site "Chess.com"]
[Date "2024.06.02"]
[Round "-"]
[White "elis06"]
[Black "Dhaydon19"]
[Result "0-1"]
[WhiteElo "2317"]
[BlackElo "2646"]
[TimeControl "300"]
[EndTime "4:17:08 PDT"]
[Termination "Dhaydon19 won by checkmate"]

1. e4 e6 2. d4 d5 3. Nc3 dxe4 4. Nxe4 Nd7 5. Nf3 Ngf6 6. Nxf6+ Nxf6 7. g3 Be7 8. Bg2 O-O 9. O-O Rb8 10. b3 b6 11.
Bb2 Rb7 12. Ne5 Bd6 13. Bxb7 Bxb7 14. Nf3 Qe7 15. Qe2 Rd8 16. c4 h6 17. Rfe1 Qf8 18. Ne5 c5 19. dxc5 Bxc5 20. Ng4 Ne4 21. Qc2 Rd2 22.
Qc1 Qd6 23. Rxe4 Bxe4 24. Bc3 Rc2 25. Qe1 Qd3 26. Rd1 Qf3 27. Nxh6+ Kh7 28. Ng4 Qg2# 0-1

[Event "Live Chess"]
[Site "Chess.com"]
[Date "2024.06.02"]
[Round "-"]
[White "Mikhail_Golubev"]
[Black "Grace6363"]
[Result "1-0"]
[WhiteElo "2510"]
[BlackElo "1144"]
[TimeControl "300"]
[EndTime "4:17:31 PDT"]
[Termination "Mikhail_Golubev won by resignation"]

1. e4 c5 2. Nf3 Nc6 3. Nc3 g6 4. d4 cxd4 5. Nxd4 Bg7 6. Be3 Nf6 7. Bc4 O-O 8. Bb3 e6 9. f3 a6 10. Qd2 Ne5 11. O-O b5 12. a4 Nc4 13. Bxc4 bxc4 14. Nde2 Bb7 15. a5 Qe7 16. Rfd1 Rad8 17. Qd6 Rfe8 18. Qxe7 Rxe7 19. e5 Nd5 20. Bg5 f6 21.
Nxd5 Bxd5 22. exf6 Ree8 23. fxg7 Rb8 24. Bf6 Bc6 25. Rd6 e5 26. Nc3 Rxb2 27. Re1 Rxc2 28. Rxe5 Rxe5 29. Bxe5 Rc1+ 30. Kf2 Rc2+ 31. Kg3 h5 32.
Nd5 Bxd5 33. Rxd5 Ra2 34. Rxd7 Rxa5 35. Rd8+ 1-0

[Event "Live Chess"]
[Site "Chess.com"]
[Date "2024.06.02"]
[Round "-"]
[White "Bodhanas"]
[Black "Tilbs_12"]
[Result "1-0"]
[WhiteElo "2340"]
[BlackElo "1656"]
[TimeControl "300"]
[EndTime "4:17:41 PDT"]
[Termination "Bodhanas won by resignation"]

1. d4 d5 2. Nf3 Nf6 3. Bf4 e6 4.
e3 c5 5. c3 Nc6 6. Nbd2 Be7 7. Bb5 O-O 8. O-O a6 9. Bxc6 bxc6 10.
dxc5 Bxc5 11. c4 Qb6 12. Nb3 Be7 13. Rc1 a5 14. cxd5 cxd5 15. Bc7 Qb4 16. a3 Qa4 17.
Nbd4 Qxd1 18. Rfxd1 Bd7 19. Be5 Rfc8 20. Kf1 Rxc1 21.
Rxc1 Rc8 22. Rxc8+ Bxc8 23. Ke2 Ne4 24. Nd2 Nxd2 25.
Kxd2 f6 26. Nc6 Bc5 27. Bd4 Bd6 28. Nxa5 Kf7 29. g3 e5 30. Bc3 h5 31. b4 Bd7 32. Nb7 Be7 33. f4 e4 34. Bd4 g5 35.
Bc5 h4 36. Bxe7 Kxe7 37. Nc5 Bc6 38. a4 Kd6 39. Kc3 hxg3 40. hxg3 g4 41. Kd4 f5 42. b5 Be8 43. Nb3 Bd7 44. Kc3 Be8 45. Kb4 Kc7 46. Kc5 Bf7 47. Nd4 Bg6 48. a5 1-0

[Event "Live Chess"]
[Site "Chess.com"]
[Date "2024.06.02"]
[Round "-"]
[White "Trendle"]
[Black "KeithArkell"]
[Result "1-0"]
[WhiteElo "2624"]
[BlackElo "2418"]
[TimeControl "300"]
[EndTime "4:18:19 PDT"]
[Termination "Trendle won by resignation"]

1. e4 e6 2. d4 d5 3. e5 c5 4. c3 Nc6 5. Nf3 Nge7 6. Na3 cxd4 7. cxd4 Nf5 8. Nc2 Nb4 9. Nxb4 Bxb4+ 10. Bd2 Qa5 11.
Bd3 Bd7 12. a3 Bxd2+ 13. Qxd2 Qxd2+ 14. Kxd2 Rc8 15. h4 h5 16. Bxf5 exf5 17. Rhc1 Ke7 18. Rxc8 Rxc8 19. Rc1 Rxc1 20. Kxc1 f4 21. Kd2 Bg4 22. Ne1 f6 23. Nd3 g5 24. exf6+ Kxf6 25. hxg5+ Kxg5 26. Ne5 h4 27. f3 Be6 28. b4 h3 29. gxh3 Bxh3 30. a4 Be6 31. a5 a6 32.
Nd3 Bf5 33. Nc5 Bc8 34. Ke2 Kh4 35. Kf2 Kg5 36. Kg2 Kh4 37. Kh2 Kg5 38. Nd3 Bf5 39. Ne5 Kf6 40. Kg2 Kg5 41. Nf7+ Kf6 42. Nd6 Bd7 43. Nxb7 Kg5 44. Nd6 Kf6 45. Kf2 Ke7 46. Nb7 Bb5 47. Nc5 Kf6 48. Nb3 Bc4 49. Nc1 Kg5 50.
Ne2 Bd3 51. Nc3 Bc4 52. b5 1-0

[Event "Live Chess"]
[Site "Chess.com"]
[Date "2024.06.02"]
[Round "-"]
[White "StoreySniper"]
[Black "Isambard_Thomas"]
[Result "1-0"]
[WhiteElo "2500"]
[BlackElo "2200"]
[TimeControl "300"]
[EndTime "4:18:20 PDT"]
[Termination "StoreySniper won by resignation"]

1. e4 Nc6 2. Nf3 d5 3. exd5 Qxd5 4. Nc3 Qh5 5. Be2 Bg4 6. d3 Nf6 7. Be3 O-O-O 8. a4 e6 9. Qb1 Nd5 10. Nxd5 exd5 11. c3 f6 12. h3 Bd6 13. Qa2 Rhe8 14.
O-O-O Bxf3 15. Bxf3 Qg6 16. Qxd5 Re5 17. Qa2 Na5 18.
b4 Nc6 19. d4 Ree8 20. Qc4 Ne7 21. Qb5 c6 22. Qa5 Kb8 23. d5 Nc8 24. dxc6 Rxe3 25.
fxe3 Bc7 26. Qb5 Rxd1+ 27. Rxd1 Bb6 28. c7+ Ka8 29. Rd8 Bxe3+ 30. Kb2 1-0

[Event "Live Chess"]
[Site "Chess.com"]
[Date "2024.06.02"]
[Round "-"]
[White "Hoogleboogle"]
[Black "MaksymYurii"]
[Result "1/2-1/2"]
[WhiteElo "1309"]
[BlackElo "1005"]
[TimeControl "300"]
[EndTime "4:18:32 PDT"]
[Termination "Game drawn by repetition"]

1. d4 d6 2. c4 Nf6 3. Nc3 e5 4. d5 Na6 5. e4 c6 6. Bg5 cxd5 7. cxd5 Be7 8. Bb5+ Bd7 9. Qa4 Bxb5 10. Qxb5+ Qd7 11. Qxd7+ Nxd7 12. Bxe7 Kxe7 13. Nf3 Nac5 14. Ke2 Nf6 15. Ke3 Ng4+ 16. Ke2 Nf6 17. Ke3 Ng4+ 18.
Ke2 Nf6 1/2-1/2

[Event "Live Chess"]
[Site "Chess.com"]
[Date "2024.06.02"]
[Round "-"]
[White "PureDashingOctopus"]
[Black "upoe610"]
[Result "0-1"]
[WhiteElo "2256"]
[BlackElo "2134"]
[TimeControl "300"]
[EndTime "4:18:38 PDT"]
[Termination "upoe610 won by resignation"]

1. e4 e5 2. Nf3 Nc6 3. Bb5 a6 4.
Ba4 Nf6 5. O-O Be7 6. d3 b5 7.
Bb3 d6 8. c3 Na5 9. Bc2 c5 10. a4 b4 11. Bd2 Rb8 12. cxb4 cxb4 13. d4 Bg4 14. h3 Bxf3 15. Qxf3 O-O 16. dxe5 dxe5 17. Bg5 b3 18. Bd3 Nc6 19. Bxa6 Nd4 20. Qd1 Nxe4 21. Bxe7 Qxe7 22. Nc3 Nc5 23. Bc4 Nc2 24. Rc1 Nd4 25. Nd5 Qg5 26. a5 Na4 27. Rb1 Qd8 28. a6 Qd6 29. a7 Ra8 30. Bxb3 Nxb3 31. Qxb3 Rxa7 32. Rfd1 Nc5 33. Qc4 Rc8 34. Qg4 Rb8 35. b4 Nd7 36. b5 Nf6 37. Nxf6+ Qxf6 38. Qc4 h6 39. Qc5 Rab7 40. Rd6 Qf5 41. Rb2 Qf4 42.
b6 Qa4 43. Qxe5 Qa1+ 44. Kh2 Qc1 45. Qe3 Qxb2 0-1

[Event "Live Chess"]
[Site "Chess.com"]
[Date "2024.06.02"]
[Round "-"]
[White "LL220284LL"]
[Black "Kyrylo7770"]
[Result "1-0"]
[WhiteElo "2511"]
[BlackElo "1651"]
[TimeControl "300"]
[EndTime "4:18:38 PDT"]
[Termination "LL220284LL won by checkmate"]

1. Nf3 d5 2. g3 Bg4 3. Bg2 e6 4.
b3 c6 5. Bb2 Nf6 6. O-O Be7 7.
c4 h5 8. Nc3 Bxf3 9. Bxf3 h4 10.
e3 hxg3 11. hxg3 Bd6 12. Kg2 Qc7 13. Rh1 Rxh1 14. Qxh1 Nbd7 15. Qh8+ Nf8 16. Qxg7 N6d7 17. cxd5 cxd5 18. Nb5 Qc5 19. Nxd6+ Qxd6 20. Rc1 Nc5 21. Ba3 b6 22. d4 O-O-O 23. dxc5 Qc6 24.
cxb6 Qxc1 25. Bxc1 Kb7 26. Qxf7+ Kxb6 27. Bb2 Nd7 28. Bd4+ Kb5 29. Qxe6 Nb6 30. Be2+ Kb4 31. Qe7+ Ka5 32. Qa3+ Na4 33. Qxa4# 1-0

[Event "Live Chess"]
[Site "Chess.com"]
[Date "2024.06.02"]
[Round "-"]
[White "seasidecastle27"]
[Black "MagnersCarlsberg2870"]
[Result "1-0"]
[WhiteElo "1948"]
[BlackElo "1777"]
[TimeControl "300"]
[EndTime "4:19:09 PDT"]
[Termination "seasidecastle27 won by checkmate"]

1. d4 Nf6 2. Nf3 b6 3. Bg5 Bb7 4. Nbd2 h6 5. Bh4 g5 6. Bg3 d6 7.
e3 Nh5 8. Bd3 Nxg3 9. hxg3 Bg7 10. Qe2 c5 11. c3 e6 12. e4 Nd7 13. Nc4 d5 14. exd5 Bxd5 15. Ne3 Bxf3 16. gxf3 cxd4 17. Nf5 Qf6 18. Nxd4 O-O 19. Qe4 Nc5 20. Qh7# 1-0

[Event "Live Chess"]
[Site "Chess.com"]
[Date "2024.06.02"]
[Round "-"]
[White "asingardenof"]
[Black "CarmelJane"]
[Result "0-1"]
[WhiteElo "621"]
[BlackElo "2048"]
[TimeControl "300"]
[EndTime "4:19:11 PDT"]
[Termination "CarmelJane won by checkmate"]

1. d4 g6 2. c4 Bg7 3. e3 c5 4. Nc3 cxd4 5. Nf3 dxe3 6. g3 exf2+ 7. Kxf2 Nc6 8. Bd3 Nf6 9. Bf4 Ng4+ 10. Kg2 O-O 11.
h3 e5 12. Bg5 Qxg5 13. Nxg5 Ne3+ 14. Kf2 Nxd1+ 15. Raxd1 Nd4 16. c5 f5 17. Bc4+ Ne6 18.
Nd5 Bf6 19. Nxe6 dxe6 20. Nf4 exf4 21. gxf4 Kg7 22. Rd6 e5 23. Be6 Bxe6 24. Rxe6 exf4 25.
Kf3 Rfe8 26. Rxe8 Rxe8 27. Rd1 g5 28. Rd7+ Re7 29. Rxe7+ Bxe7 30. h4 h6 31. hxg5 hxg5 32. b4 Kf6 33. a4 Ke5 34. b5 Kd5 35. c6 bxc6 36. a5 cxb5 37. Ke2 b4 38. Kd1 b3 39. Kc1 Bf6 40. Kb1 b2 41. a6 f3 42. Kc2 f2 43.
Kb3 f1=Q 44. Ka4 Qc4+ 45. Ka5 Qc5+ 46. Ka4 Qc6+ 47. Kb4 b1=Q+ 48. Ka3 Qxa6# 0-1

[Event "Live Chess"]
[Site "Chess.com"]
[Date "2024.06.02"]
[Round "-"]
[White "ACM42"]
[Black "Tatarinov_Maxim"]
[Result "1-0"]
[WhiteElo "2182"]
[BlackElo "2295"]
[TimeControl "300"]
[EndTime "4:19:22 PDT"]
[Termination "ACM42 won by resignation"]

1. e4 c5 2. Nf3 Nc6 3. d4 cxd4 4.
Nxd4 Nf6 5. Nc3 e5 6. Ndb5 d6 7.
Bg5 a6 8. Bxf6 gxf6 9. Na3 b5 10. Nd5 f5 11. Bd3 Be6 12. c4 Bxd5 13. cxd5 Nd4 14. exf5 Qg5 15. g3 Bg7 16. h4 Qe7 17. Be4 O-O 18. O-O Rac8 19. Rc1 Bh6 20. Rxc8 Rxc8 21. f6 Qxf6 22. Qg4+ Kh8 23. Qxc8+ Kg7 24. Nc2 Ne2+ 25. Kg2 Nf4+ 26. gxf4 Qxh4 27. Rh1 Qxf4 28. Qf5 1-0

[Event "Live Chess"]
[Site "Chess.com"]
[Date "2024.06.02"]
[Round "-"]
[White "McFim"]
[Black "Duke_of_Bebington"]
[Result "1-0"]
[WhiteElo "1707"]
[BlackElo "1636"]
[TimeControl "300"]
[EndTime "4:19:32 PDT"]
[Termination "McFim won by resignation"]

1. e4 e5 2. Nf3 Nf6 3. Nxe5 d6 4. Nf3 Nxe4 5. d3 Nf6 6. d4 d5 7.
Bd3 Bd6 8. O-O O-O 9. Re1 Bg4 10. h3 Bh5 11. Be3 Nbd7 12. c4 c6 13. c5 Bc7 14.
Nbd2 b6 15. b4 a5 16. a3 axb4 17. axb4 b5 18. Qc2 Bg6 19. Bxg6 hxg6 20. Ra2 Re8 21. Rea1 Rxa2 22. Qxa2 Ne4 23. Qa6 Qf6 24. Qb7 Nexc5 25. bxc5 Nxc5 26. Qxc7 Re6 27. Ra8+ Kh7 1-0

[Event "Live Chess"]
[Site "Chess.com"]
[Date "2024.06.02"]
[Round "-"]
[White "Queensandpawns"]
[Black "Zhevzh1k7"]
[Result "1-0"]
[WhiteElo "2250"]
[BlackElo "1107"]
[TimeControl "300"]
[EndTime "4:19:37 PDT"]
[Termination "Queensandpawns won by resignation"]

1. e4 c6 2. d4 d5 3. Nd2 Qb6 4. Ngf3 Bg4 5. e5 e6 6. Bd3 Bb4 7. c3 Be7 8. O-O Nd7 9. h3 Bxf3 10. Qxf3 c5 11. Qg3 g6 12. h4 cxd4 13. cxd4 Qxd4 14.
Nb3 Qb6 15. Be3 Bc5 16. Nxc5 Nxc5 17. Rfc1 Ne4 18. Bxe4 Qxb2 19. Bd3 Ne7 20. Rab1 Qxa2 21. Rxb7 Nf5 22. Bxf5 exf5 23. Qg5 O-O 24. Qf6 Qa6 25. Qxa6 Rab8 26. Qxa7 Rxb7 27. Qxb7 Re8 1-0

[Event "Live Chess"]
[Site "Chess.com"]
[Date "2024.06.02"]
[Round "-"]
[White "Ninifu"]
[Black "Crowded_House"]
[Result "1-0"]
[WhiteElo "2009"]
[BlackElo "1661"]
[TimeControl "300"]
[EndTime "4:20:12 PDT"]
[Termination "Ninifu won by checkmate"]

1. d4 e6 2. c4 d5 3. e4 dxe4 4.
Nc3 Nf6 5. f3 Bb4 6. fxe4 Bxc3+ 7. bxc3 Nxe4 8. Nf3 Nxc3 9. Qc2 Nxa2 10. Rxa2 Nc6 11.
Be3 Nb4 12. Qa4+ Nc6 13. Bd3 Bd7 14. Qb3 O-O 15. O-O b6 16. Qd1 Nb4 17. Bxh7+ Kxh7 18. Rb2 Nc6 19. Ng5+ Kg6 20. Qg4 f5 21. Qg3 Kf6 22.
d5 exd5 23. cxd5 Ne5 24. Bd4 Re8 25. Re2 Bb5 26. Rxe5 Kg6 27. Ne6+ Kh7 28. Nxd8 Raxd8 29. Rxe8 Rxe8 30. Qxg7# 1-0

[Event "Live Chess"]
[Site "Chess.com"]
[Date "2024.06.02"]
[Round "-"]
[White "Kyrylo7770"]
[Black "MaksymYurii"]
[Result "1-0"]
[WhiteElo "1651"]
[BlackElo "1005"]
[TimeControl "300"]
[EndTime "4:20:46 PDT"]
[Termination "Kyrylo7770 won by checkmate"]

1. d4 d5 2. Nf3 Nc6 3. Bg5 Nf6 4.
e3 h6 5. Bh4 Ne4 6. c3 f5 7.
Bd3 g5 8. Bg3 Nxg3 9. hxg3 e6 10. Bb5 Bd7 11. Bxc6 Bxc6 12. Ne5 Bd6 13. Qh5+ Ke7 14.
Qf7# 1-0

[Event "Live Chess"]
[Site "Chess.com"]
[Date "2024.06.02"]
[Round "-"]
[White "elephantgerrald"]
[Black "f4nomore"]
[Result "0-1"]
[WhiteElo "854"]
[BlackElo "1275"]
[TimeControl "300"]
[EndTime "4:20:57 PDT"]
[Termination "f4nomore won by checkmate"]

1. e4 g6 2. Nf3 Bg7 3. g3 d6 4. Bg2 Bd7 5. O-O Nf6 6. Nc3 O-O 7. d3 c5 8. Bf4 Nc6 9. a3 Rc8 10. Nb5 a6 11. Nc3 b5 12. Rb1 e5 13. Bg5 h6 14. Bxf6 Qxf6 15. b4 cxb4 16. axb4 Ra8 17.
Nd5 Qd8 18. Nb6 Qxb6 19. c3 Qc7 20. Ra1 f5 21. Re1 f4 22. Nh4 g5 23. Nf3 fxg3 24.
fxg3 Bg4 25. Rf1 Qd7 26. h3 Bh5 27. g4 Bg6 28. h4 Qe7 29. Qe1 Rf4 30. Bh3 Qd7 31.
Qb1 d5 32. exd5 Qxd5 33. Qd1 Bxd3 34. Ra3 Bc4 35. Qxd5+ Bxd5 36. c4 Bxc4 37. Rc1 Nd4 38. Nxd4 exd4 39. hxg5 hxg5 40. Bg2 Rd8 41. Rxc4 bxc4 42.
Bd5+ Rxd5 43. Rxa6 d3 44. Ra8+ Kh7 45. Ra2 d2 46.
Kg2 d1=Q 47. Kh3 Qxg4+ 48. Kh2 Qh4+ 49. Kg2 Rd3 50. Rc2 Qg3+ 51. Kh1 Qh3+ 52. Kg1 Rg3+ 53.
Rg2 Qxg2# 0-1

[Event "Live Chess"]
[Site "Chess.com"]
[Date "2024.06.02"]
[Round "-"]
[White "Duke_of_Bebington"]
[Black "Tatarinov_Maxim"]
[Result "0-1"]
[WhiteElo "1636"]
[BlackElo "2295"]
[TimeControl "300"]
[EndTime "4:21:07 PDT"]
[Termination "Tatarinov_Maxim won by resignation"]

1. e4 c5 2. Nf3 Nc6 3. c3 d6 4. d4 Nf6 5. e5 dxe5 6. dxe5 Qxd1+ 7. Kxd1 Ng4 8. Bf4 Nxf2+ 9. Kd2 Nxh1 10. Na3 a6 11. Nc4 Be6 12. Nb6 Rd8+ 13. Kc2 Nf2 0-1

[Event "Live Chess"]
[Site "Chess.com"]
[Date "2024.06.02"]
[Round "-"]
[White "slava_ukr"]
[Black "r0ad_t0-gm"]
[Result "1-0"]
[WhiteElo "2411"]
[BlackElo "2266"]
[TimeControl "300"]
[EndTime "4:21:41 PDT"]
[Termination "slava_ukr won by resignation"]

1. e4 c5 2. Nc3 Nc6 3. f4 g6 4. Nf3 Bg7 5. Bc4 e6 6. f5 gxf5 7. d3 Nge7 8. O-O fxe4 9. dxe4 O-O 10. Bg5 a6 11. a4 b6 12. Qd6 h6 13. Bh4 Bb7 14. Rad1 Re8 15. Qxd7 Qxd7 16. Rxd7 Bc8 17. Rd2 Nd4 18. Nxd4 cxd4 19. Ne2 Bb7 20. Nxd4 Bxe4 21.
c3 Ng6 22. Bg3 Red8 23. Rfd1 Rd7 24. Nf3 Rxd2 25. Rxd2 Bxf3 26. gxf3 Ne5 27. Be2 b5 28. axb5 axb5 29. Bxe5 Bxe5 30. Bxb5 Bf4 31. Rc2 Ra1+ 32.
Kg2 f5 33. b4 Rc1 34. Rxc1 Bxc1 35. Bd7 Kf7 36. b5 Be3 37. Kf1 Ke7 38. Bc6 Kd6 39. Ke2 Bg1 40. h3 Kc5 41. Kd3 Bf2 42. c4 Bg1 43. Kc3 Bd4+ 44. Kb3 Be3 45. Ka4 Bd2 46. Bd7 Kd6 47. Bc8 f4 48. b6 Kc5 49. b7 1-0

[Event "Live Chess"]
[Site "Chess.com"]
[Date "2024.06.02"]
[Round "-"]
[White "KyryloPoluliakh"]
[Black "JohanKjeldahl"]
[Result "0-1"]
[WhiteElo "1530"]
[BlackElo "1793"]
[TimeControl "300"]
[EndTime "4:21:52 PDT"]
[Termination "JohanKjeldahl won by checkmate"]

1. c4 e5 2. Nc3 Nf6 3. g3 Nc6 4. Bg2 d6 5. e3 g6 6. Nge2 Bg7 7. d4 exd4 8. exd4 O-O 9. O-O Bg4 10. Be3 a6 11. Qd2 Re8 12. a3 Qd7 13. Rfe1 Re7 14. b4 Rae8 15. b5 axb5 16. Nxb5 Ne4 17. Qc2 Bf5 18.
Qb2 Nf6 19. Nbc3 Ng4 20. Nd5 Rxe3 21. Nxe3 Nxe3 22. fxe3 Rxe3 23. Qxb7 Nxd4 24. Qa8+ Re8 25. Qd5 Nxe2+ 26. Rxe2 Rxe2 27. Rc1 Qe8 28. Qa5 Qe3+ 29. Kh1 Qxc1+ 30. Bf1 Qxf1# 0-1